 Dungeon Crawl Stone Soup version 0.30-a0-949-g53dc5368d7 (webtiles) character file.

Game seed: 8782075696350166663

45 dracfodder the Shield-Bearer (level 3, 0/11 (30) HPs)
             Began as a Formicid Fighter on Mar 27, 2023.
             Succumbed to an adder's poison
             ... on level 2 of the Dungeon.
             The game lasted 00:03:20 (974 turns).

dracfodder the Shield-Bearer (Formicid Fighter)      Turns: 974, Time: 00:03:20

HP:   0/11 (30)     AC:  9    Str: 22    XL:     3   Next: 90%
MP:   3/3           EV:  7    Int:  7    God:
Gold: 42            SH:  5    Dex: 13    Spells: 2/2 levels left

rFire   . . .      SeeInvis +    a - +0 war axe
rCold   . . .      Faith    .    c - +0 buckler
rNeg    . . .      Spirit   .    i - +0 chain mail
rPois   .          Reflect  .    (helmet unavailable)
rElec   .          Rampage  .    (no cloak)
rCorr   .                        (no gloves)
Will    .....                    (no boots) Stlth
                                 (no amulet)
HPRegen 0.21/turn                (no ring)
MPRegen 0.08/turn                (no ring)

@: lethally poisoned (0 -> -1), extremely drained
A: permanent stasis, dig shafts and tunnels, antennae 3, four strong arms
a: Dig, Shaft Self


You were on level 2 of the Dungeon.
You visited 1 branch of the dungeon, and saw 2 of its levels.

You collected 42 gold pieces.

Inventory:

Hand Weapons
 a - a +0 war axe (weapon)
Missiles
 f - 3 poisoned darts (quivered)
Armour
 c - a +0 buckler (worn)
 i - a +0 chain mail (worn)
Wands
 g - a wand of roots (11)
Scrolls
 e - a scroll of identify {unknown}
Potions
 d - 2 potions of might
 h - a potion of magic {unknown}


   Skills:
 + Level 3.8 Fighting
 + Level 2.6 Axes
 + Level 3.9 Armour
 + Level 0.3 Dodging
 + Level 4.2 Shields


You had 2 spell levels left.
You didn't know any spells.
Your spell library was empty.

Dungeon Overview and Level Annotations

Branches:
Dungeon (2/15)

Altars:


Innate Abilities, Weirdness & Mutations

You cannot be hasted, slowed, berserked, paralysed or teleported.
You can dig through walls and to a lower floor.
You have a pair of large antennae on your head. (SInv)
Your four strong arms can wield two-handed weapons with a shield.


Message History

You miss the adder.
The adder is lightly wounded.
You closely miss the adder. The adder closely misses you.
The adder bites you but does no damage. x3
You closely miss the adder.
The adder is lightly wounded.
You closely miss the adder. The adder barely misses you.
The adder closely misses you. The adder barely misses you.
You slash the adder!
The adder is almost dead.
You miss the adder. The adder bites you but does no damage.
The adder barely misses you. x2
You miss the adder.
The adder is almost dead.
You closely miss the adder. The adder bites you. The adder barely misses you.
The adder bites you.
You are poisoned.
The adder poisons you! The adder bites you but does no damage.
You hit the adder.
You kill the adder!
You slash the adder!
You feel sick. The adder barely misses you. x2
You are too injured to fight recklessly!
You are too injured to fight recklessly!
You are too injured to fight recklessly!
You are too injured to fight recklessly!
You are too injured to fight recklessly!
You are too injured to fight recklessly!
You are too injured to fight recklessly!
You are too injured to fight recklessly!
You completely miss the adder.
The adder is almost dead.
You feel sick. You block the adder's attack. The adder bites you.
* * * LOW HITPOINT WARNING * * *
You closely miss the adder.
The adder is almost dead.
* * * LOW HITPOINT WARNING * * *
You feel sick. The adder bites you but does no damage.
You miss the adder.
The adder is almost dead.
You die...

#### ### #... #.. #.##
#+++####.##### #.#
......#.#...## #.#
###...........# #.#
^.......#.....# #.#
#...........#### #.#
#..S@.........## #.#
#.....#?..#.#.....###.#
#.###
##..............##
####.#.....###..#
#.##...####..#
...##.....#..#
....##.)##.#...
{.#...##..##.#...
♣.#.####..#)....#


You could see an adder.

Vanquished Creatures
  An adder (D:2)
  4 bats
  5 endoplasms (D:1)
  2 giant cockroaches
  6 goblins
  2 hobgoblins (D:1)
  3 quokkas (D:1)
  4 kobolds (D:1)
  3 rats (D:1)
30 creatures vanquished.

Notes
Turn   | Place    | Note
-------+----------+-------------------------------------------
     0 | D:1      | dracfodder the Formicid Fighter began the quest for the
                  | Orb.
     0 | D:1      | Reached XP level 1. HP: 18/18 MP: 1/1
    23 | D:1      | Reached XP level 2. HP: 22/24 MP: 2/2
    60 | D:1      | Found a faded altar of an unknown god.
   235 | D:1      | Reached XP level 3. HP: 27/30 MP: 3/3
   974 | D:2      | Succumbed to an adder's poison

Illustrated notes

Levels and vault maps discovered:
D:1:      beargit_arrival_greenhouse, layout_rooms,
          shapermc_ecumenical_altar_mp_highgroup, roderic_roman_lattice,
          chequers_arboretum, chequers_serial_rivers_large_a, minivault_5
D:2:      layout_loops_ring, minivault_4, grunt_ministairs_1,
          kennysheep_cluttered_room, minmay_pentomino_p2

Action                     || total
---------------------------++-------
  Melee: War axe           ||    63
Ability: Dig               ||     1
 Armour: Scale mail        ||    24
         Chain mail        ||    11
  Dodge: Dodged            ||    35
  Block: Buckler           ||    14

Table legend: (Time is in decaauts)
 A = Elapsed time spent in this place.
 B = Non-inter-level travel time spent in this place.
 C = Inter-level travel time spent in this place.
 D = Time resting spent in this place.
 E = Time spent auto-exploring this place.
 F = Levels seen in this place.
 G = Mean time per level.
                   A        B        C        D        E       F      G
               +--------+--------+--------+--------+--------+-----+--------+
         Total |   1015 |    971 |     44 |      0 |    741 |   2 |  507.5 |
       Dungeon |   1015 |    971 |     44 |      0 |    741 |   2 |  507.5 |
               +--------+--------+--------+--------+--------+-----+--------+

Top non-repeatable levels by time:
     D:1: 926 daAuts
     D:2: 88 daAuts
